 Dungeon Crawl Stone Soup version 0.29-a0-847-g24c0ca63c9 (webtiles) character file.

Game seed: 8563038380860970073

72 Garessta the Grasshopper (level 4, -3/38 HPs)
             Began as a Gnoll Warper on July 16, 2022.
             Killed from afar by a white imp (8 damage)
             ... with a puff of frost
             ... summoned by Natasha
             ... on level 2 of the Dungeon.
             The game lasted 00:02:38 (1754 turns).

Garessta the Grasshopper (Gnoll Warper)             Turns: 1754, Time: 00:02:39

Health: -3/38      AC:  0    Str: 10    XL:     4   Next: 25%
Magic:  11/11      EV: 16    Int: 13    God:
Gold:   72         SH:  0    Dex: 13    Spells: 11/13 levels left

rFire   . . .      SeeInvis .     - Unarmed
rCold   . . .      Faith    .   (shield currently unavailable)
rNeg    . . .      Spirit   .   (body armour currently unavailable)
rPois   .          Reflect  .   (helmet currently unavailable)
rElec   .          Harm     .   (cloak currently unavailable)
rCorr   .          Rampage  .   (gloves currently unavailable)
Will    .....                   (boots currently unavailable)
Stlth   ++........              (no amulet)
HPRegen 0.12/turn               (ring currently unavailable)
MPRegen 0.12/turn               (ring currently unavailable)

@: pig-form, very quick
A: fast, no casting, small, (fangs 1), strong nose, distributed training
a: no special abilities


You were on level 2 of the Dungeon.
You were a filthy swine.
You visited 1 branch of the dungeon, and saw 3 of its levels.

You collected 72 gold pieces.

Inventory:

Hand Weapons
 a - a +0 falchion (melded)
Missiles
 d - 7 boomerangs of dispersal
 i - 8 poisoned darts
 l - 29 stones (quivered)
Armour
 b - a +0 leather armour (melded)
Scrolls
 c - a scroll of blinking
 e - a scroll of amnesia {unknown}
 f - 2 scrolls of identify {unknown}
 g - 2 scrolls of fog {unknown}
 h - a scroll of teleportation {unknown}
 m - a scroll of enchant armour {unknown}
Potions
 j - a potion of curing {unknown}
 k - a potion of mutation {unknown}


   Skills:
 + Level 4.6 Fighting
 + Level 1.1 Short Blades
 + Level 4.6 Long Blades
 + Level 1.1 Axes
 + Level 1.1 Maces & Flails
 + Level 1.1 Polearms
 + Level 1.1 Staves
 + Level 1.1 Ranged Weapons
 + Level 2.7 Throwing
 + Level 2.7 Armour
 + Level 4.6 Dodging
 + Level 1.1 Stealth
 + Level 1.1 Shields
 + Level 1.1 Unarmed Combat
 + Level 5.1 Spellcasting
 + Level 0.9 Conjurations
 + Level 0.9 Hexes
 + Level 0.9 Summonings
 + Level 0.9 Necromancy
 + Level 5.4 Translocations
 + Level 0.9 Transmutations
 + Level 0.9 Fire Magic
 + Level 0.9 Ice Magic
 + Level 0.9 Air Magic
 + Level 0.9 Earth Magic
 + Level 0.9 Poison Magic
 + Level 1.2 Invocations
 + Level 1.1 Evocations


You had 11 spell levels left.
You knew the following spells:

 Your Spells              Type           Power      Damage    Failure   Level
a - Blink                 Tloc           34%        N/A       3%          2

Your spell library contained the following spells:

 Spells                   Type           Power      Damage    Failure   Level
 Gell's Gravitas          Tloc           17%        N/A       6%          3
 Lesser Beckoning         Tloc           17%        N/A       6%          3
 Teleport Other           Tloc           17%        N/A       6%          3
 Slow                     Hex            20%        N/A       13%         1
 Confusing Touch          Hex            5%         N/A       36%         3
 Conjure Flame            Conj/Fire      5%         6-21      36%         3
 Dazzling Flash           Conj/Hex       10%        N/A       36%         3
 Ignite Poison            Fire/Tmut/Pois 5%         N/A       36%         3
 Vampiric Draining        Necr           5%         2d6       36%         3
 Iskenderun's Mystic Bla  Conj/Tloc      11%        2d4       45%         4
 Manifold Assault         Tloc           17%        N/A       47%         5
 Sticky Flame             Conj/Fire      5%         2d3       77%         4
 Starburst                Conj/Fire      2%         6d3       100%        6


Dungeon Overview and Level Annotations

Branches:
Dungeon (3/15)

Altars:

Shops:
D:1 !

Annotations:
D:2 Natasha


Innate Abilities, Weirdness & Mutations

You are a filthy swine.
You move quickly.
Your equipment is almost entirely melded.
You are incapable of wielding weapons or throwing items.
You cannot cast spells.
((You have very sharp teeth.))
Your uncanny sense of smell can sniff out nearby items.
Your experience applies equally to all skills.


Message History

You can access your shopping list by pressing '$'.
You now have 72 gold pieces (gained 5).
Natasha, Servant of Life and Death comes into view.
She is carrying a wand of polymorph (4).
The helpless Natasha fails to defend herself.
You slash Natasha! You bite Natasha, but do no damage.
Natasha is moderately wounded.
Natasha barely misses you. Natasha misses you.
You closely miss Natasha. You bite Natasha, but do no damage.
Natasha is moderately wounded.
Natasha zaps a wand.
You turn into a filthy swine.
Your +0 falchion melds into your body.
Your +0 leather armour melds into your body.
You completely miss Natasha.
Natasha is moderately wounded.
Natasha casts a spell.
You hit Natasha.
Natasha is heavily wounded.
You hit Natasha but do no damage.
Natasha is heavily wounded.
Natasha mumbles some strange words.
The crimson imp barely misses you.
You barely miss Natasha.
Natasha is heavily wounded.
The crimson imp completely misses you. Natasha misses you.
You hit Natasha.
Natasha is severely wounded.
The white imp gestures at you. The puff of frost hits you!
The crimson imp misses you. Natasha claws you!
You closely miss Natasha.
Natasha is severely wounded.
The white imp gestures at you. The puff of frost hits you!
* * * LOW HITPOINT WARNING * * *
The crimson imp misses you. Natasha claws you.
* * * LOW HITPOINT WARNING * * *
You miss Natasha.
Natasha is severely wounded.
The white imp gestures at you. The puff of frost hits you!
You die...

# #.### #.∆###.# #
#...# #..#...# # ###.#
#......## #.#
#[##..†.# #.# #
###.#.### #.#
#.#...#...# #.#
#...#####.# ####
#.#######..h#...#
...###........5.h#.###
# ##>............5...#
# #####..######.##.##
# #..# #. #.# #
######..# # #.# #
.....#..###### #.# #
.###.#.......# #.#
####### ........####..
#.. ∆ .......
........# #.# #######


You could see Natasha, a crimson imp (summoned) and a white imp (summoned).

Vanquished Creatures
  5 adders (D:2)
  A gnoll (D:1)
  An endoplasm (D:1)
  3 goblins
  2 hobgoblins
  2 quokkas
  A bat (D:1)
  2 kobolds
  3 rats
20 creatures vanquished.

Notes
Turn   | Place    | Note
-------+----------+-------------------------------------------
     0 | D:1      | Garessta the Gnoll Warper began the quest for the Orb.
     0 | D:1      | Reached XP level 1. HP: 20/20 MP: 6/6
   221 | D:1      | Found Bagischilif's Distillery.
   310 | D:1      | Reached XP level 2. HP: 11/26 MP: 7/7
   496 | D:1      | Found a faded altar of an unknown god.
   928 | D:1      | Learned a level 2 spell: Blink
   971 | D:2      | Reached skill level 5 in Spellcasting
   971 | D:2      | Reached XP level 3. HP: 13/31 MP: 7/9
  1173 | D:2      | You fall into a shaft and drop 1 floor!
  1247 | D:2      | Reached skill level 1 in Invocations
  1526 | D:2      | Reached skill level 1 in Short Blades
  1526 | D:2      | Reached skill level 1 in Axes
  1526 | D:2      | Reached skill level 1 in Maces & Flails
  1526 | D:2      | Reached skill level 1 in Polearms
  1526 | D:2      | Reached skill level 1 in Staves
  1526 | D:2      | Reached skill level 1 in Ranged Weapons
  1526 | D:2      | Reached skill level 1 in Stealth
  1526 | D:2      | Reached skill level 1 in Shields
  1526 | D:2      | Reached skill level 1 in Unarmed Combat
  1526 | D:2      | Reached skill level 1 in Evocations
  1595 | D:2      | Reached XP level 4. HP: 36/38 MP: 11/11
  1744 | D:2      | Noticed Natasha
  1754 | D:2      | Killed from afar by a white imp

Illustrated notes

Levels and vault maps discovered:
D:1:      nicolae_arrival_somewhat_less_tricky_arrival, layout_basic,
          serial_shops, nicolae_shop_waterfront, ebering_ecumenical_altar_rust,
          nicolae_figureground_sparkle
D:2:      layout_loops_ring, uniq_natasha
D:3:      layout_loops_ring, serial_shops, nicolae_shop_advertising_works
          [nicolae_subvault_shop_adworks], item_on_display_a

Skill      XL: |  1  2  3 |
---------------+----------+-----
Spellcasting   | 5 |  5.1
Invocations    | 1 |  1.2
Short Blades   | 1 |  1.1
Axes           | 1 |  1.1
Maces & Flails | 1 |  1.1
Polearms       | 1 |  1.1
Staves         | 1 |  1.1
Ranged Weapons | 1 |  1.1
Stealth        | 1 |  1.1
Shields        | 1 |  1.1
Unarmed Combat | 1 |  1.1
Evocations     | 1 |  1.1
Fighting       | |  4.6
Long Blades    | |  4.6
Throwing       | |  2.7
Armour         | |  2.7
Dodging        | |  4.6
Conjurations   | |  0.9
Hexes          | |  0.9
Summonings     | |  0.9
Necromancy     | |  0.9
Translocations | |  5.4
Transmutations | |  0.9
Fire Magic     | |  0.9
Ice Magic      | |  0.9
Air Magic      | |  0.9
Earth Magic    | |  0.9
Poison Magic   | |  0.9

Action                   |  1- 3 |  4- 6 || total
-------------------------+-------+-------++-------
Melee: Falchion          |    71 |    12 ||    83
       Bite              |     9 |     2 ||    11
       Punch             |     2 |       ||     2
       Unarmed           |       |     7 ||     7
Throw: Dart              |     8 |     4 ||    12
       Stone             |       |     1 ||     1
 Stab: Sleeping          |       |     1 ||     1
Armor: Leather armour    |    10 |     1 ||    11
Dodge: Dodged            |    42 |    15 ||    57

Table legend: (Time is in decaauts)
 A = Elapsed time spent in this place.
 B = Non-inter-level travel time spent in this place.
 C = Inter-level travel time spent in this place.
 D = Time resting spent in this place.
 E = Time spent auto-exploring this place.
 F = Levels seen in this place.
 G = Mean time per level.
                   A        B        C        D        E       F      G
               +--------+--------+--------+--------+--------+-----+--------+
         Total |   1758 |   1731 |     27 |    173 |   1350 |   3 |  586.0 |
       Dungeon |   1758 |   1731 |     27 |    173 |   1350 |   3 |  586.0 |
               +--------+--------+--------+--------+--------+-----+--------+

Top non-repeatable levels by time:
     D:1: 959 daAuts
     D:2: 793 daAuts
     D:3: 5 daAuts
